 Dungeon Crawl Stone Soup version 0.23.2-40-g277498a001 (webtiles) character file.

Game seed: 17314872965901203816

116 Martska the Ducker (level 5, -5/38 HPs)
             Began as a Merfolk Ice Elementalist on Oct 1, 2019.
             Slain by Crazy Yiuf
             ... wielding a +4 quarterstaff of chaos
              (9 damage)
             ... on level 3 of the Dungeon.
             The game lasted 00:08:13 (3840 turns).

Martska the Ducker (Merfolk Ice Elementalist)       Turns: 3840, Time: 00:08:14

Health: -5/38      AC:  4    Str:  9    XL:     5   Next: 0%
Magic:  3/8        EV: 13    Int: 14    God:
Gold:   194        SH:  0    Dex: 15    Spells: 5/8 levels left

rFire    . . .     SeeInvis .   k - +0 spear
rCold    + . .     Gourm    +   (no shield)
rNeg     . . .     Faith    .   w - +0 leather armour
rPois    .         Spirit   .   (no helmet)
rElec    .         Reflect  .   (no cloak)
rCorr    .         Harm     .   t - +0 pair of gloves
MR       .....                  (no boots)
Stlth    ++........             i - amulet of the gourmand
HPRegen  0.12/turn              m - ring of protection from cold
MPRegen  0.11/turn              (no ring)

@: very slightly contaminated
A: change form in water, swift swim, stealthy swim
a: no special abilities


You were on level 3 of the Dungeon.
You were not hungry.

You visited 1 branch of the dungeon, and saw 3 of its levels.

You collected 194 gold pieces.

Inventory:

Hand Weapons
 e - a +0 short sword
 k - a +0 spear (weapon)
 l - a +0 spear
 o - a +0 spear
 y - a +6 club
Armour
 a - a +0 robe
 t - a +0 pair of gloves (worn)
 w - a +0 leather armour (worn)
 z - a +0 leather armour
Jewellery
 i - an amulet of the gourmand (around neck)
 m - a ring of protection from cold (left hand)
 q - an uncursed ring of positive energy {unknown}
Wands
 x - a wand of paralysis (3)
Scrolls
 b - 2 scrolls of random uselessness {unknown}
 d - a scroll of amnesia {unknown}
 g - 2 scrolls of fog {unknown}
 h - 4 scrolls of identify {unknown}
 j - a scroll of enchant armour {unknown}
 p - a scroll of enchant weapon {unknown}
 v - a scroll of teleportation {unknown}
Potions
 f - a potion of degeneration {unknown}
 n - a potion of mutation {unknown}
 r - a potion of haste {unknown}
 s - 3 potions of lignification {unknown}
 u - 2 potions of berserk rage {unknown}
 A - a potion of curing {unknown}
Comestibles
 c - 5 rations


   Skills:
 * Level 2.1 Fighting
 * Level 2.0 Polearms
 * Level 4.2 Dodging
 + Level 2.9 Stealth
 + Level 2.3 Spellcasting
 - Level 0.7 Conjurations
 + Level 3.6 Ice Magic


You had 5 spell levels left.
You knew the following spells:

 Your Spells              Type           Power        Failure   Level  Hunger
a - Freeze                Ice            ##..         8%          1    #......
b - Throw Frost           Conj/Ice       #.....       21%         2    ###....

Your spell library contained the following spells:

 Spells                   Type           Power        Failure   Level  Hunger
 Ozocubu's Armour         Chrm/Ice       #.......     43%         3    ###....
 Throw Icicle             Conj/Ice       #.......     78%         4    #####..
 Summon Ice Beast         Ice/Summ       #.......     83%         4    #####..


Dungeon Overview and Level Annotations

Branches:
Dungeon (3/15)

Altars:
Ashenzari
Wu Jian

Annotations:
D:3 Crazy Yiuf, Sigmund


Message History

Crazy Yiuf is heavily wounded.
Casting: Freeze (safe; 8% risk of failure)
Confirm with . or Enter, or press ? or * to list all spells.
Aiming: Freeze (safe; 8% risk of failure)
Press: ? - help, Shift-Dir - straight line, f/p - Crazy Yiuf
Aim: Crazy Yiuf, wielding a +4 quarterstaff of chaos and wearing a +1 cloak (heavily wounded)
You miscast Freeze.
A chill runs through your body.
Crazy Yiuf hits you with a +4 quarterstaff of chaos!
* * * LOW HITPOINT WARNING * * *
Crazy Yiuf freezes you.
* * * LOW HITPOINT WARNING * * *
Casting: Freeze (safe; 8% risk of failure)
Confirm with . or Enter, or press ? or * to list all spells.
Aiming: Freeze (safe; 8% risk of failure)
Press: ? - help, Shift-Dir - straight line, f/p - Crazy Yiuf
Aim: Crazy Yiuf, wielding a +4 quarterstaff of chaos and wearing a +1 cloak (heavily wounded)
You freeze Crazy Yiuf.
Crazy Yiuf is heavily wounded.
Crazy Yiuf hits you with a +4 quarterstaff of chaos!
You die...

...#.#
#+..+##
.###.#
#....# ##
#.#######
#PP.P# #
#.......#
##.P)# #
####.....#
##)##
###....###.#
##)#
##..#### ###
#)## ...##
##)#
############
#@##
...........#
#g#
############
))) #)))#
#).)# #####


You could see Crazy Yiuf.

Vanquished Creatures
  Jessica (D:3)
  Ijyb (D:3)
  An ooze (D:1)
  A worm (D:2)
  A dart slug (D:3)
  2 leopard geckos
  12 giant cockroaches
  6 goblins
  3 hobgoblins
  9 kobolds
  2 ball pythons (D:3)
  6 bats
  6 frilled lizards
  4 rats
55 creatures vanquished.

Notes
Turn   | Place    | Note
-------+----------+-------------------------------------------
     0 | D:1      | Martska the Merfolk Ice Elementalist began the quest for
                  | the Orb.
     0 | D:1      | Reached XP level 1. HP: 13/13 MP: 3/3
   200 | D:1      | Reached skill level 3 in Dodging
   222 | D:1      | Reached XP level 2. HP: 16/20 MP: 3/5
   333 | D:1      | Reached skill level 1 in Fighting
   755 | D:1      | Learned a level 2 spell: Throw Frost
   948 | D:1      | Reached XP level 3. HP: 24/26 MP: 4/6
  1685 | D:2      | Found a shattered altar of Ashenzari.
  2262 | D:2      | Reached skill level 1 in Polearms
  2870 | D:2      | Found an ornate altar of the Wu Jian Council.
  2957 | D:2      | Reached XP level 4. HP: 28/33 MP: 7/7
  3235 | D:3      | Noticed Jessica
  3243 | D:3      | Killed Jessica
  3243 | D:3      | Reached skill level 4 in Dodging
  3408 | D:3      | Found a faded altar of an unknown god.
  3479 | D:3      | Noticed Ijyb
  3490 | D:3      | Paralysed by Ijyb for 2 turns
  3498 | D:3      | Killed Ijyb
  3654 | D:3      | Reached XP level 5. HP: 36/38 MP: 8/8
  3679 | D:3      | Noticed Sigmund
  3829 | D:3      | Found a runed translucent door.
  3830 | D:3      | Noticed Crazy Yiuf
  3840 | D:3      | Slain by Crazy Yiuf

Skill      XL: |  1  2  3  4 |
---------------+-------------+-----
Dodging        | 3 4 |  4.2
Fighting       | 1 2 |  2.1
Polearms       | 1 2 |  2.0
Stealth        | |  2.9
Spellcasting   | |  2.3
Conjurations   | |  0.7
Ice Magic      | |  3.6

Action                   |  1- 3 |  4- 6 || total
-------------------------+-------+-------++-------
Melee: Short sword       |    52 |       ||    52
       Unarmed           |     3 |       ||     3
       Spear             |    90 |    27 ||   117
 Cast: Freeze            |    31 |    12 ||    43
 Stab: Sleeping          |       |     1 ||     1
  Eat: Ration            |     2 |     1 ||     3
Armor: Robe              |    34 |       ||    34
       Leather armour    |     6 |     7 ||    13
Dodge: Dodged            |   141 |    22 ||   163
